[Event "Sunway Sitges Chess Festival"]
[Date "2024.12.21"]
[White "Torres Rosas, Luis Carlos"]
[Black "Velten, Paul"]
[WhiteElo "2277"]
[BlackElo "2501"]
[Round "5.15"]
[Result "1-0"]
[TimeControl "40/5400+30:1800+30"]

1. d4 Nf6 2. c4 e6 3. Nf3 b6 4. g3 Ba6 5. Qc2 c6 6. Bg2 d5
7. b3 Nbd7 8. O-O Rc8 9. Nbd2 c5 10. Bb2
cxd4 11. Nxd4 Bc5 12. a4 Bxd4 13. Bxd4 dxc4 14. Nxc4 O-O 15. Rfd1 Qe7 16. Bb2 Rfd8 17. Ba3 Qe8 18. Qa2 Bxc4 19. bxc4 Ne5 20. Rxd8 Qxd8 21.
Rc1 Qd4 22. Bb2 Qd2 23. Bf3 Nfg4 24. Bxg4 Nxg4 25. h3 Nf6 26. Qa1 Ne4 27. Re1 Qg5 28. Bd4 Nxg3 29. fxg3 Qxg3+ 30. Kf1 Qxh3+ 31. Kg1 e5 32.
Bxe5 Rc6 33. Rd1 Rg6+ 34. Kf2 Rg2+ 35. Ke1 Qh4+ 36. Kd2 Qxc4 37. Re1 Rg4 38. Bc3 Rg6 39. Bd4 Rg4 40. Bc3 h5 41.
Rf1 Rg2 42. Qd1 h4 43. Rf3 Qg4 44. Re3 h3 45. Re8+ Kh7 46. Qc2+ f5 47. Qb3 Qg5+ 48. Kc2 Kg6 49. Qe6+ Kh5 50. Qd5 Rf2 51.
Rh8+ Kg4 52. Qd4+ Qf4 53. Qxg7+ Qg5 54. Qd4+ Qf4 55. Rg8+ Kh5 56. Qh8+ Qh6 57. Qe5 h2 58. Rh8 Qxh8 59. Qxh8+ Kg4 60.
Kd3 f4 61. Be1 Rf1 62.
Qh4+ Kf5 63. Qh3+ 1-0

[Variant "Standard"]
[Site "Europe Echecs"]

[Event "Sunway Sitges Chess Festival"]
[Date "2024.12.21"]
[White "Lopez Martinez, Josep Manuel"]
[Black "Van Zyl-Rudd, Jack"]
[WhiteElo "2455"]
[BlackElo "2268"]
[Round "5.16"]
[Result "1/2-1/2"]
[TimeControl "40/5400+30:1800+30"]

1. d4 Nf6 2. c4 e6 3. Nc3 Bb4 4. Qc2 b6 5. a3 Bxc3+ 6. Qxc3 Bb7 7. Nf3 O-O 8. e3 d5 9. b3 Nbd7 10. Be2 c5 11. O-O Rc8 12. a4 Qc7 13. Ba3 Rfd8 14. cxd5 Bxd5 15. Rfc1 Qb7 16. Qb2 cxd4 17. exd4 Nf8 18. Ne1 Ng6 19. Bf1 h6 20. b4 Nh4 21.
Rd1 Rb8 22. Rdc1 Rbc8 23. Rd1 Rb8 24. Rdc1 Rbc8 1/2-1/2

[Variant "Standard"]
[Site "Europe Echecs"]

[Event "Sunway Sitges Chess Festival"]
[Date "2024.12.21"]
[White "Girel, Joseph"]
[Black "Piccoli, Lucas Fonseca"]
[WhiteElo "2494"]
[BlackElo "2270"]
[Round "5.17"]
[Result "1-0"]
[TimeControl "40/5400+30:1800+30"]

1. d4 Nf6 2. c4 e6 3. Nc3 Bb4 4. e3 O-O 5. a3 Bxc3+ 6. bxc3 c5 7. Bd3 Nc6 8. Rb1 d6 9. Ne2 e5 10. e4 h6 11. O-O b6 12. a4 Ba6 13. d5 Ne7 14. Ng3 Bc8 15. f3 Ng6 16. Nf5 Bxf5 17. exf5 Nf4 18. Bc2 Nd7 19. Rb2 Rb8 20. Bb1 Re8 21. g3 Nh3+ 22. Kh1 Ng5 23. h4 Nh7 24. Rg1 e4 25. Bxe4 Ne5 26. Qf1 Qd7 27. Bc2 Qd8 28. Bb1 Qd7 29. Ra2 a6 30. g4 b5 31. cxb5 axb5 32. f4 bxa4 33. Bc2 Qb7 34. Bxa4 Qxd5+ 35. Qg2 Qxg2+ 36. Rgxg2 Nd3 37. Bxe8 Nxc1 38. Ra1 Nd3 39. Bc6 Nxf4 40. Rd2 Nf6 41. Rf1 Rb6 42. Ba8 Rb8 43. Bc6 Rb6 44. Rxd6 Ne2 45. Re1 Rb2 46. Bf3 Nf4 47. g5 hxg5 48. hxg5 Nh3 49. Rd8+ Kh7 50. gxf6 Nf2+ 51. Kg2 Nd3+ 52. Re2 Nf4+ 53. Kf1 Nxe2 54. Bxe2 1-0

[Variant "Standard"]
[Site "Europe Echecs"]

[Event "Sunway Sitges Chess Festival"]
[Date "2024.12.21"]
[White "Chia, Yu Zhe Ashton"]
[Black "Travadon, Loic"]
[WhiteElo "2252"]
[BlackElo "2428"]
[Round "5.18"]
[Result "1/2-1/2"]
[TimeControl "40/5400+30:1800+30"]

1. e4 c5 2. Nf3 d6 3. g3 Nc6 4. Bg2 Nf6 5. d3 g6 6. O-O Bg7 7. Nh4 Bg4 8. f3 Bd7 9. Nc3 Rb8 10. a4 a6 11. Nd5 Nxd5 12. exd5 Nd4 13. c3 Nf5 14. Nxf5 Bxf5 15. Qe2 O-O 16. Bg5 Bf6 17. Bxf6 exf6 18. Qd2 Re8 19. g4 Bd7 20. Qf4 Qb6 21. a5 Qxb2 22. Qxd6 Bb5 23. c4 Qd4+ 24. Kh1 Rbd8 25. Qc7 Bd7 26. Rae1 Ba4 27. Re4 Qxd3 28. Qxc5 Rc8 29. Qd4 Qxd4 30. Rxd4 Bb3 31. f4 Bxc4 32. Rb1 Rc5 33. h3 Rd8 34. d6 Be6 35. Rxb7 Rxa5 36. Ra7 Ra1+ 37. Kh2 Ra2 38. Kg3 Ra3+ 39. Kh2 f5 40. g5 a5 41. Bc6 Kg7 42. Re7 Kf8 43. Ra7 Rc3 44. Bg2 Rc4 45. Rxc4 Bxc4 46. d7 Bb5 47. Rxa5 Bxd7 48. Ra8 Rxa8 49. Bxa8 f6 50. Kg3 fxg5 51. fxg5 Be6 52. Kf4 Ke7 53. Ke5 Bf7 54. Bc6 Be6 55. h4 Bf7 56. Bb5 Be6 57. Bc6 Bf7 58. Bb5 Be6 59. Bc6 1/2-1/2

[Variant "Standard"]
[Site "Europe Echecs"]

[Event "Sunway Sitges Chess Festival"]
[Date "2024.12.21"]
[White "Gormally, Daniel W"]
[Black "Adharsh K"]
[WhiteElo "2424"]
[BlackElo "2235"]
[Round "5.19"]
[Result "1-0"]
[TimeControl "40/5400+30:1800+30"]

1. e4 c5 2. Nf3 Nc6 3. d4 cxd4 4. Nxd4 Nf6 5. Nc3 d6 6. f3 e5 7. Nb3 Be7 8. Be3 Be6 9. Nd5 Bxd5 10. exd5 Nb8 11. Be2 O-O 12. O-O Nbd7 13. Qd2 Qc7 14. c4 a5 15. Rac1 a4 16. Na1 Rfc8 17. Nc2 Nc5 18. Na3 Qd7 19. Nb5 Bf8 20. g3 b6 21. Kg2 Re8 22. Qd1 Rac8 23. b4 axb3 24. axb3 e4 25. b4 exf3+ 26. Rxf3 Nce4 27. Bd3 h5 28. Bd4 Ra8 29. Bxf6 gxf6 30. Rc2 Bg7 31. Rf4 Ng5 32. Bf5 Qe7 33. h4 Qe5 34. Nd4 Ra3 35. Re2 Re3 36. Rxe3 Qxe3 37. hxg5 fxg5 38. Nc2 Qc3 39. Rf2 Qxc4 40. Qxh5 Qxd5+ 41. Kh2 Kf8 42. Qxg5 b5 43. Ne3 Qd4 44. Ng4 Qxb4 45. Bg6 Re7 46. Rxf7+ 1-0

[Variant "Standard"]
[Site "Europe Echecs"]

[Event "Sunway Sitges Chess Festival"]
[Date "2024.12.21"]
[White "Lee, Jun Wei"]
[Black "Leisch, Lukas"]
[WhiteElo "2238"]
[BlackElo "2417"]
[Round "5.20"]
[Result "1-0"]
[TimeControl "40/5400+30:1800+30"]

1. d4 e6 2. c4 Nf6 3. Nc3 Bb4 4. e3 O-O 5. Bd2 d5 6. Nf3 b6 7. cxd5 exd5 8. Rc1 Re8 9. Bd3 Bf8 10. Ne5 c5 11. O-O Bb7 12. f4 Nc6 13. Ne2 Rc8 14. Be1 Ne4 15. Kh1 f5 16. Bb5 Re6 17. Ng3 Nxg3+ 18. Bxg3 Nb8 19. Bd3 g6 20. Rg1 Rc7 21. Bf2 h5 22. h3 Nd7 23. g4 Nxe5 24. fxe5 hxg4 25. hxg4 Rh7+ 26. Kg2 Qg5 27. Kf1 f4 28. Qf3 Rf7 29. Bf5 Ba6+ 30. Ke1 Rxf5 31. gxf5 Qxf5 32. Qg4 Qxg4 33. Rxg4 fxe3 34. Bxe3 Bd3 35. Kf2 c4 36. Rf4 Bg7 37. Ke1 b5 38. a3 a5 39. Bd2 Ra6 40. Ra1 Ra7 41. Rf3 Be4 42. Rf2 Bd3 43. Bg5 Bf5 44. Ke2 Ra8 45. Rh2 Rc8 46. Bd2 Bd3+ 47. Kf3 Be4+ 48. Kg3 Ra8 49. Bg5 Rc8 50. Bd2 Ra8 51. Rf1 Ra6 52. Rhf2 Ra7 53. Rf4 Bh6 54. Rxe4 Bxd2 55. Re2 c3 56. bxc3 Bxc3 57. e6 Re7 58. Kf4 Bxd4 59. Rd1 Bc5 60. Rxd5 Bxa3 61. Rxb5 Bb4 62. Kg5 Kg7 63. Rd5 Bc3 64. Rd7 Bf6+ 65. Kg4 Kf8 66. Re4 Ke8 67. Rd5 Ra7 68. Rf4 Ke7 69. Rd7+ Rxd7 70. exd7 Bb2 71. Rf7+ Kd8 72. Kf4 a4 73. Ke4 Kc7 74. Kd5 Bc1 75. Ke6 Bg5 76. Rf8 Kc6 77. Ra8 Kb5 78. Kd5 Kb4 79. Kd4 Kb3 80. Kd3 a3 81. Rb8+ Ka2 82. Kc2 Be7 83. d8=Q Bxd8 84. Rxd8 g5 85. Rg8 Ka1 86. Rxg5 Ka2 87. Ra5 1-0

[Variant "Standard"]
[Site "Europe Echecs"]

[Event "Sunway Sitges Chess Festival"]
[Date "2024.12.21"]
[White "Allahverdiyeva, Ayan"]
[Black "Atanasov, Anthony"]
[WhiteElo "2194"]
[BlackElo "2415"]
[Round "5.21"]
[Result "1/2-1/2"]
[TimeControl "40/5400+30:1800+30"]

1. e4 c5 2. Nf3 Nc6 3. Bb5 d6 4. O-O Bd7 5. Re1 a6 6. Bf1 h6 7. d4 cxd4 8. Nxd4 g6 9. c4 Bg7 10. Be3 Nf6 11. f3 O-O 12. Nc3 Nxd4 13. Bxd4 Bc6 14. b4 Nh5 15. b5 Bd7 16. Nd5 Be6 17. Bb6 Qd7 18. Rc1 Rfc8 19. Qb3 axb5 20. cxb5 Nf4 21. g3 Nxd5 22. exd5 Bh3 23. Bc4 Qf5 24. a4 Bf6 25. a5 h5 26. Qd3 Qxd3 27. Bxd3 Bc3 28. Rxe7 Bd4+ 29. Bxd4 Rxc1+ 30. Kf2 Kf8 31. Rxb7 Rxa5 32. Bf6 Ra3 33. Be4 Bc8 34. Rb8 Ke8 35. Rb6 Kd7 36. Rc6 Rc5 37. Be5 Rxb5 38. Rxd6+ Ke7 39. Rc6 Ra2+ 40.
Ke3 Bf5 41. Rc7+ Bd7 42. g4 hxg4 43.
fxg4 Rb3+ 44. Bc3 Kd6 45. Rc4 Bb5 46. Rc8 Bd7 47. Rc4 Rxh2 48. Kf4 Rf2+ 49. Ke3 Rf1 50. Bc2 Rb8 51. Bb4+ Rxb4 52. Rxb4 Kxd5 53. Rf4 Re1+ 54. Kd2 Rg1 55. Rxf7 Bxg4 56. Bxg6 Be6 57. Bh5 Bxf7 58. Bxf7+ Kd4 59. Kc2 Rg2+ 60. Kb1 Kc3 61. Ka1 Kc2 62. Be6 Rf2 63. Bg8 Rh2 64. Bf7 Rh6 65. Bd5 Rd6 66. Bg8 Rd1+ 67. Ka2 Rd8 68. Bh7+ Kc1 69. Bg6 Ra8+ 70. Kb3 Kd2 71. Bh7 Rb8+ 72. Ka2 Kc3 73. Ka1 Kb3 74. Bg6 Ra8+ 75. Kb1 Rf8 76. Ka1 Rf2 77. Bb1 Rg2 78. Bh7 Ra2+ 79. Kb1 Rh2 80. Bg8+ Ka3 81. Bf7 Rb2+ 82. Kc1 Rf2 83. Bg8 Kb4 84. Kb1 Kc3 85. Ka1 Rb2 86. Bf7 Rb5 87. Be6 Kc2 88. Ba2 Rg5 89. Bb1+ Kc1 90. Ba2 Rg3 91. Bb1 Rg1 92. Bf5 Rg5 93. Bb1 Ra5+ 94. Ba2 Rxa2+ 95. Kxa2 1/2-1/2

[Variant "Standard"]
[Site "Europe Echecs"]

[Event "Sunway Sitges Chess Festival"]
[Date "2024.12.21"]
[White "Isanzhulov, Arystan"]
[Black "Koudounis, Vasileios"]
[WhiteElo "2395"]
[BlackElo "2190"]
[Round "5.22"]
[Result "1-0"]
[TimeControl "40/5400+30:1800+30"]

1. e4 e6 2. d4 d5 3. Nc3 Nf6 4. e5 Nfd7 5. Nce2 c5 6. c3 Nc6 7. f4 Be7 8. Nf3 O-O 9. g3 b5 10. Bh3 b4 11. O-O Nb6 12. g4 bxc3 13. bxc3 cxd4 14. cxd4 Ba6 15. a3 f6 16. exf6 Bxf6 17. Re1 Be7 18. g5 Bd6 19. Bxe6+ Kh8 20. f5 Ne7 21. Ng3 Bxg3 22. hxg3 Nxf5 23. Bf4 Bc8 24. Qd3 Nc4 25. Ra2 Bxe6 26. Rxe6 Qd7 27. Rae2 Nfd6 28. g6 Ne4 29. Ng5 Nxg5 30. Bxg5 Rae8 31. Be7 h6 32. Bxf8 Rxf8 33. Re7 Qg4 34. Re8 Kg8 35. R2e6 Qh3 36. Rxf8+ Kxf8 37. Qf3+ 1-0

[Variant "Standard"]
[Site "Europe Echecs"]

[Event "Sunway Sitges Chess Festival"]
[Date "2024.12.21"]
[White "Mannion, Stephen R"]
[Black "Liu, Xiangyi"]
[WhiteElo "2139"]
[BlackElo "2372"]
[Round "5.23"]
[Result "1/2-1/2"]
[TimeControl "40/5400+30:1800+30"]

1. e4 e6 2. d4 d5 3. Nd2 Ne7 4. Ngf3 Nd7 5. Bd3 c5 6. c3 g6 7. O-O Bg7 8. Re1 O-O 9. e5 Nc6 10. Nf1 f6 11. exf6 Qxf6 12. Bg5 Qf7 13. Be3 cxd4 14. cxd4 e5 15. dxe5 Ndxe5 16. Nxe5 Nxe5 17. Bc5 Rd8 18. Ng3 Bg4 19. f3 b6 20. Ba3 Be6 21. Qe2 h5 22. Nf1 Nxd3 23. Qxd3 Rac8 24. Rac1 Rxc1 25. Rxc1 h4 26. Re1 Bf5 27. Qd2 d4 28. Re7 Qf6 29. Rxa7 Re8 30. Bb4 Qe5 31. Qg5 Qe2 32. Re7 Rxe7 33. Qxe7 d3 34. Qd8+ Kf7 35. Qc7+ Kg8 36. Qd8+ Kf7 37. Qc7+ 1/2-1/2

[Variant "Standard"]
[Site "Europe Echecs"]

[Event "Sunway Sitges Chess Festival"]
[Date "2024.12.21"]
[White "kiladze, Luka"]
[Black "Lam, Chun Yung Samuel"]
[WhiteElo "2359"]
[BlackElo "2065"]
[Round "5.24"]
[Result "1-0"]
[TimeControl "40/5400+30:1800+30"]

1. d4 Nf6 2. Nc3 d5 3. Bf4 e6 4. Nb5 Bb4+ 5. c3 Ba5 6. a4 a6 7. b4 Bxb4 8. cxb4 axb5 9. axb5 Rxa1 10. Qxa1 Nh5 11. Bd2 Nd7 12. Nf3 Nb6 13. e3 Nf6 14. Bd3 Ne4 15. Qb1 Bd7 16. O-O Nd6 17. Bxh7 Bxb5 18. Bd3 Bxd3 19. Qxd3 Nbc4 20. Ra1 O-O 21. Ne5 c6 22. Bc3 Qc7 23. h4 b5 24.
g4 Ne4 25. Kg2 Nxe5 26. dxe5 f6 27.
exf6 e5 28. f3 Nxf6 29. Qf5 e4 30. f4 Qe7 31. Kg3 d4 32. Bxd4 Qxb4 33. Qe6+ Kh7 34. g5 Nh5+ 35. Kg4 Qd2 36. Qxe4+ Kg8 37. Kxh5 1-0

[Variant "Standard"]
[Site "Europe Echecs"]

[Event "Sunway Sitges Chess Festival"]
[Date "2024.12.21"]
[White "Tan, Jun Ying"]
[Black "Shah Jeet"]
[WhiteElo "2357"]
[BlackElo "2052"]
[Round "5.25"]
[Result "1-0"]
[TimeControl "40/5400+30:1800+30"]

1. d4 Nf6 2. c4 e6 3. Nc3 d5 4. cxd5 exd5 5. Bg5 Bb4 6. e3 h6 7. Bh4 g5 8. Bg3 Ne4 9. Ne2 h5 10. h4 Bg4 11. Qb3 Nxg3 12. Nxg3 Nc6 13. Ne2 Qd6 14. hxg5 O-O-O 15. a3 Bxc3+ 16. Qxc3 Kb8 17. O-O-O Qe7 18. Re1 Qxg5 19. Nf4 h4 20. Kb1 Qf6 21. Rc1 Qd6 22. Ka2 Bf5 23. Be2 Ne7 24. Qb3 Ng6 25. Nd3 Bxd3 26. Qxd3 Ne7 27. Bf3 Qf6 28. Qc2 c6 29. Rh3 Nf5 30. Qb3 Ka8 31. Be2 Rhg8 32. Bf1 Nd6 33. Rf3 Qe6 34. Rc5 Nc4 35. Bxc4 dxc4 36. Qxc4 Qxc4+ 37. Rxc4 Rxg2 38. d5 h3 39. dxc6 bxc6 40. Rh4 Rd7 41. Rhxh3 Kb7 42. Rh7 Rd2 43. Rhxf7+ Kb6 44. Kb3 Rg1 45. R3f4 a5 46. Rc4 Rf1 47. Rf6 Rfxf2 48. Rcxc6+ Kb7 49. Rb6+ Kc7 50. Rxf2 Rxf2 51. Ra6 Re2 52. Rxa5 Rxe3+ 53. Ka4 Re4+ 54. b4 Re3 55. Rh5 Kb7 56. Rh6 Ka7 57. b5 Kb7 58. Kb4 Re4+ 59. Ka5 Re7 60. a4 Rg7 61. Rh4 Rf7 62. Kb4 Rg7 63. Rd4 Rh7 64. a5 Rg7 65. a6+ Ka7 66. Ka5 Rg5 67. Rd7+ Kb8 68. Kb6 Rg6+ 69. Kc5 Rg8 70. b6 Rh8 71. Re7 Rd8 72. Kc6 Ka8 73. Kc7 Rb8 74. Rd7 Rc8+ 75. Kd6 Rh8 76. Re7 Rd8+ 77. Ke6 Rh8 78. Kd7 Rb8 79. Re8 1-0

[Variant "Standard"]
[Site "Europe Echecs"]

[Event "Sunway Sitges Chess Festival"]
[Date "2024.12.21"]
[White "Dhruva Thota"]
[Black "Chanturia, Giorgi Mal"]
[WhiteElo "2351"]
[BlackElo "2042"]
[Round "5.26"]
[Result "1/2-1/2"]
[TimeControl "40/5400+30:1800+30"]

1. e4 c5 2. Nf3 e6 3. d4 cxd4 4. Nxd4 a6 5. c4 Nf6 6. Nc3 Bb4 7. Qd3 d5 8. exd5
exd5 9. Be2 Nc6 10. Nxc6 bxc6 11. O-O O-O 12. cxd5 Nxd5 13. Nxd5 Qxd5 14. Qg3
Bf5 15. Bf3 Qb5 16. Bh6 Bg6 17. Be3 Rfd8 18. Rfd1 Bc2 19. Rxd8+ Rxd8 20. Qh4 Ba5
21. b3 Qe5 22. Rc1 Rd3 23. Qg5 Qxg5 24. Bxg5 Bd2 25. Bxd2 Rxd2 26. Bxc6 Bf5 27.
a4 Rb2 28. g4 Bxg4 29. Bd5 Be6 30. Bxe6 fxe6 31. Rc6 Kf7 32. Rb6 a5 33. Kg2 Kf6
34. Rb5 e5 35. h4 g6 36. Kg3 Rc2 37. Kf3 Kf5 38. Ke3 Rc3+ 39. Kd2 Rf3 40. Ke2
Rh3 41. Rxa5 Rxb3 42. Ra7 h5 43. Rf7+ Ke6 44. Rf3 Rb2+ 45. Kf1 Rb4 46. Ra3 Rxh4
47. a5 Rd4 48. a6 Rd8 49. a7 Ra8 50. Kg2 Kf5 51. Ra4 e4 52. Kg3 h4+ 53. Kxh4 Kf4
54. Kh3 Kf3 55. Kh4 Kxf2 56. Rxe4 Rxa7 1/2-1/2

[Variant "Standard"]
[Site "Europe Echecs"]

[Event "Sunway Sitges Chess Festival"]
[Date "2024.12.21"]
[White "Alinasab, Mobina"]
[Black "Koh, Ming Yao Gavin"]
[WhiteElo "2330"]
[BlackElo "1995"]
[Round "5.27"]
[Result "1/2-1/2"]
[TimeControl "40/5400+30:1800+30"]

1. e4 c5 2. Nf3 d6 3. d4 cxd4 4. Nxd4 Nf6 5. Nc3 a6 6. Bg5 e6 7. Qf3 Nbd7 8. O-O-O Qc7 9. Qg3 b5 10. Bxb5 axb5 11. Ndxb5 Qb7 12. Rxd6 Rxa2 13. Nc7+ Kd8 14. Nxe6+ fxe6 15. Nxa2 Bxd6 16.
Qxd6 Qa6 17. Qxa6 Bxa6 18. Rd1 h6 19.
Bxf6+ gxf6 20. Nb4 Bb7 21. f3 Rg8 22. Rd2 Ke7 23. b3 Nc5 24. Kb2 Rb8 25. c3 Ba8 26. Ka3 h5 27. Rb2 h4 28.
Ra2 Rg8 29. Re2 Rb8 30. Rd2 Kf7 31. Rd4 Ke7 32. Rc4 Rb5 33. e5 h3 34. exf6+ Kxf6 35. gxh3 e5 36. Kb2 Bxf3 37. Kc2 Kg5 38. Kd2 Nxb3+ 39. Ke3 e4 40. Rc8 Kh4 41. Rh8+ Rh5 42. Rxh5+ Kxh5 43. Kf4 Kh4 44. Nd5 Kxh3 45. Nf6 Nc5 46. Ke3 Bg2 47. Kd4 Bf3 48. Ke3 Bg2 49. Kd4 Bh1 50. c4 Nb3+ 1/2-1/2

[Variant "Standard"]
[Site "Europe Echecs"]

[Event "Sunway Sitges Chess Festival"]
[Date "2024.12.21"]
[White "Gavrilescu, David"]
[Black "Kuandykuly, Danis"]
[WhiteElo "2549"]
[BlackElo "2168"]
[Round "5.28"]
[Result "1-0"]
[TimeControl "40/5400+30:1800+30"]

1. e4 e5 2. Nf3 Nc6 3. Bc4 Nf6 4. d3 Bc5 5. Bg5 h6 6. Bh4 a6 7. c3 Ba7 8. Nbd2 d6 9. O-O Qe7 10. b4 g5 11. Bg3 Bg4 12. Kh1 Nd8 13. d4 exd4 14. e5 dxe5 15. Bxe5 Ne6 16. cxd4 O-O-O 17. d5 Nf4 18. Re1 Bxf2 19. d6 Rxd6 20. Bxf4 Bxe1 21. Bxd6 Qxd6 22. Qxe1 Re8 23. Qg1 Bxf3 24. Nxf3 Ne4 25. Qd4 Qf4 26. Rf1 Rd8 27. Bd5 Ng3+ 28. hxg3 Qxd4 29. Nxd4 Rxd5 30. Nf5 Rd2 31. a3 g4 32. Nxh6 Rd3 33. Kh2 Rxa3 34. Rxf7 Rc3 35. Nxg4 c5 36. bxc5 Rxc5 37. Nf6 a5 38. g4 a4 39. Ne4 Rc6 40. g5 Kb8 41. Rf6 Rc4 42. Nd6 Rc5 43. Rf7 a3 44. Rxb7+ Ka8 45. Rb1 Rxg5 46. Ra1 Ra5 47. Nc4 Rh5+ 48. Kg3 1-0

[Variant "Standard"]
[Site "Europe Echecs"]

[Event "Sunway Sitges Chess Festival"]
[Date "2024.12.21"]
[White "Makkar, Rajat"]
[Black "Beisteiner, Joachim"]
[WhiteElo "2433"]
[BlackElo "2161"]
[Round "5.29"]
[Result "1-0"]
[TimeControl "40/5400+30:1800+30"]

1. d4 d5 2. c4 e6 3. Nf3 Nf6 4. Nc3 Be7 5. Bf4 O-O 6. e3 c5 7. dxc5 Bxc5 8. a3 Nc6 9. Qc2 Qa5 10. Rd1 Be7 11. Nd2 e5 12. Bg5 d4 13. Nb3 Qd8 14. Bd3 h6 15. Bxf6 Bxf6 16. Ne2 a5 17. O-O a4 18. Nc5 Be7 19. exd4 Bxc5 20. dxc5 Qe7 21. Nc3 Nd4 22. Qc1 Qxc5 23. Kh1 Be6 24. f4 Nb3 25. Qc2 Bxc4 26. Bxc4 Qxc4 27. fxe5 Rad8 28. Rfe1 Nc5 29. Rd6 Rde8 30. Qd1 Re6 31. Rd4 Qb3 32. Qd2 Rb6 33. Nd5 Re6 34. h3 Kh8 35. Nf6 Qb6 36. Rh4 Rxf6 37. exf6 Qxf6 38. Rf4 Qg6 39. Rg4 Qf6 40. Qe2 Qc6 41. Qc4 b6 42. Qc3 Rg8 43. Re7 Qd5 44. Qd4 Qf5 45. Qf4 Qb1+ 46. Kh2 Qxb2 47. Qxf7 Qd2 48. Rg6 b5 49. Qf5 Nb3 50. Rexg7 1-0

[Variant "Standard"]
[Site "Europe Echecs"]

[Event "Sunway Sitges Chess Festival"]
[Date "2024.12.21"]
[White "Koridze, Lile"]
[Black "Alexiadis, Hristos"]
[WhiteElo "2107"]
[BlackElo "2341"]
[Round "5.30"]
[Result "0-1"]
[TimeControl "40/5400+30:1800+30"]

1. d4 Nf6 2. c4 e6 3. Nf3 c5 4. e3 d5 5. Nc3 a6 6. cxd5 exd5 7. dxc5 Bxc5 8. Be2 O-O 9. O-O Nc6 10. b3 Qd6 11. Bb2 Ba7 12. Qd2 Bg4 13. Rfd1 Rad8 14. Rac1 Rfe8 15. Ba1 d4 16. g3 Qe6 17. Nxd4 Nxd4 18. exd4 Bxe2 19. Re1 Qh3 20. Rxe2 Ng4 21. Re3 Qxh2+ 22. Kf1 Nxe3+ 0-1

[Variant "Standard"]
[Site "Europe Echecs"]

[Event "Sunway Sitges Chess Festival"]
[Date "2024.12.21"]
[White "Khusenkhojaev, Mustafokhuja"]
[Black "Pniaczek, Marek"]
[WhiteElo "2339"]
[BlackElo "2132"]
[Round "5.31"]
[Result "1-0"]
[TimeControl "40/5400+30:1800+30"]

1. d4 Nf6 2. c4 e6 3. g3 d5 4. Nf3 dxc4 5. Bg2 c5 6. O-O Nc6 7. Qa4 Bd7 8. Qxc4 b5 9. Qd3 c4 10. Qd1 Rc8 11. Bg5 Be7 12. Nbd2 h6 13. Bxf6 Bxf6 14. e3 O-O 15. a4 a6 16. axb5 axb5 17. Ne4 Be7 18. Qe2 Qb6 19. g4 f5 20. gxf5 exf5 21. Nc3 Nb4 22. Ne5 Be8 23. f4 Bf6 24. Nd5 Nxd5 25. Bxd5+ Kh8 26. Kh1 Bxe5 27. fxe5 Bc6 28. Bxc6 Qxc6+ 29. Qg2 Qe6 30. Ra7 Rf7 31. d5 Qe8 32. Rxf7 Qxf7 33. e6 Qf6 34. Qh3 Qxb2 35. Qxf5 1-0

[Variant "Standard"]
[Site "Europe Echecs"]

[Event "Sunway Sitges Chess Festival"]
[Date "2024.12.21"]
[White "Naoum, Spyridon"]
[Black "Charvein, Gabriel"]
[WhiteElo "2338"]
[BlackElo "2119"]
[Round "5.32"]
[Result "1-0"]
[TimeControl "40/5400+30:1800+30"]

1. f4 d5 2. Nf3 Bg4 3. e3 Nd7 4. c4 e6 5. Nc3 Ngf6 6. h3 Bxf3 7. Qxf3 Ne4 8. Nxe4 dxe4 9. Qxe4 Qh4+ 10. Kd1 O-O-O 11. Be2 Bb4 12. Kc2 Qf6 13. d4 c6 14. Rf1 h5 15. a3 Bd6 16. b4 Qe7 17. Bd2 h4 18. Rab1 f5 19. Qd3 Nf6 20. Bf3 g6 21. c5 Bb8 22. b5 cxb5 23. Rxb5 Nd5 24. Rfb1 1-0

[Variant "Standard"]
[Site "Europe Echecs"]

[Event "Sunway Sitges Chess Festival"]
[Date "2024.12.21"]
[White "Filgueiras, Nathan Felipe"]
[Black "Banerjee, Supratit"]
[WhiteElo "2328"]
[BlackElo "2116"]
[Round "5.33"]
[Result "0-1"]
[TimeControl "40/5400+30:1800+30"]

1. e4 c6 2. d4 d5 3. e5 Bf5 4. Be2 e6 5. Nf3 c5 6. Be3 cxd4 7. Nxd4 Ne7 8. h4 h6 9. c4 Bxb1 10. Rxb1 Nbc6 11. Qa4 Qd7 12. cxd5 Nxd5 13. Nxc6 Bb4+ 14. Qxb4 Nxb4 15. Nxb4 O-O 16. O-O Qe7 17. a3 Qxh4 18. Bf3 a5 19. Nd3 Rad8 20. Nc5 b6 21. Nb7 Rd3 22. Rfd1 Rxe3 23. fxe3 Qg5 24. Kf2 Qxe5 25. Nd6 f5 26. g3 g5 27. Rd2 f4 28. gxf4 gxf4 29. Re1 Rd8 30. Nc4 Rxd2+ 31. Nxd2 Qxb2 32. Re2 fxe3+ 33. Kxe3 Qxa3+ 34. Kf4 Qf8+ 35. Ke5 Kf7 36. Rg2 Qc5+ 37. Kf4 a4 38. Ne4 Qf5+ 39. Ke3 Qe5 40. Ra2 b5 41. Rc2 a3 42. Rc5 Qb8 43. Kd4 0-1

[Variant "Standard"]
[Site "Europe Echecs"]

[Event "Sunway Sitges Chess Festival"]
[Date "2024.12.21"]
[White "Lacasa Diaz, Josep Anton"]
[Black "Jaksland, Tim"]
[WhiteElo "2324"]
[BlackElo "2107"]
[Round "5.34"]
[Result "1/2-1/2"]
[TimeControl "40/5400+30:1800+30"]

1. Nf3 Nf6 2. c4 c5 3. Nc3 Nc6 4. e3 e5 5. d4 e4 6. Ne5 h5 7. Nxc6 dxc6 8. Be2 Bf5 9. a3 Bd6 10. dxc5 Bxc5 11. b4 Bd6 12. Bb2 Qe7 13. Qc2 O-O 14. h3 h4 15. c5 Bc7 16. Bg4 Bg6 17. O-O-O a5 18. Rd2 Rfd8 19. Rxd8+ Rxd8 20. Rd1 axb4 21. axb4 Be5 22. Rxd8+ Qxd8 23. Qd1 Qxd1+ 24.
Nxd1 Nxg4 25. hxg4 Bc7 26. Kd2 f6 27. Bd4 Kf7 28. Ke2 Ke6 29. Nc3 Bh7 30. f3 exf3+ 31. Kxf3 Bc2 32. Ke2 g6 33. Kf3 f5 34. gxf5+ gxf5 35. Bg7 Bb3 36. e4 fxe4+ 37. Kxe4 Bc4 38. Bd4 Bg3 39. Kf3 Kf5 40. Bf2 Be5 41. Be1 Bf6 42. Ke3 Bg5+ 43. Kf3 Bf7 44. g3 Bh5+ 45. Kg2 hxg3 46. Kxg3 Ke5 47. b5 Kd4 48. bxc6 bxc6 49. Na2 Kxc5 50. Nb4 Kb5 51. Nxc6 Kxc6 1/2-1/2

[Variant "Standard"]
[Site "Europe Echecs"]

[Event "Sunway Sitges Chess Festival"]
[Date "2024.12.21"]
[White "Koskinen, Henri"]
[Black "Patrascu, Catalin-Lucian"]
[WhiteElo "2118"]
[BlackElo "2299"]
[Round "5.35"]
[Result "1/2-1/2"]
[TimeControl "40/5400+30:1800+30"]

1. d4 Nf6 2. Nf3 e6 3. c4 d5 4. g3 Be7 5. Bg2 O-O 6. O-O c6 7. Qc2 Nbd7 8. Nbd2 b6 9. Rd1 Bb7 10. e4 Rc8 11. e5 Ne8 12. b3 Nc7 13. Bb2 c5 14. Nf1 Qe8 15. Ne3 Ba8 16. Qe2 a5 17. Rac1 Nb8 18. cxd5 Nxd5 19. Nc4 Qb5 20. dxc5 bxc5 21. Qe1 Nc6 22. Nfd2 Ncb4 23. Ne4 Rc7 24. Ned6 Qa6 25. a3 Nc6 26. a4 Ncb4 27. Nb5 Rd7 28. Ncd6 Qb6 29. Qe2 Rfd8 30. Qh5 Bf8 31. Qg4 f5 32. Qc4 Bc6 33. Qxc5 Bxb5 34. Qxb5 Bxd6 1/2-1/2

[Variant "Standard"]
[Site "Europe Echecs"]

[Event "Sunway Sitges Chess Festival"]
[Date "2024.12.21"]
[White "Aryan Mehta"]
[Black "Sofronie, Vladimir"]
[WhiteElo "1762"]
[BlackElo "2083"]
[Round "5.36"]
[Result "0-1"]
[TimeControl "40/5400+30:1800+30"]

1. d4 Nf6 2. c4 c5 3. d5 e6 4. Nc3 exd5 5. cxd5 d6 6. e4 g6 7. f4 Bg7 8. Bb5+ Nfd7 9.
a4 O-O 10. Nf3 Na6 11. O-O Nb4 12. Be3 a6 13. Bc4 Rb8 14. Qd2 Re8 15. Ng5 Nb6 16. Be2 h6 17. Nf3 Bg4 18. h3 Bxf3 19. Rxf3 Nd7 20. Rd1 Kh7 21. Bd3 Nxd3 22. Qxd3 b5 23. axb5 axb5 24. Bf2 Qa5 25. h4 b4 26. Ne2 Qb5 27. Qd2 Nf6 28. e5 dxe5 29. f5 e4 30. fxg6+ fxg6 31. Rg3 e3 32. Rxe3 Ne4 33. Qd3 c4 34. Qb1 Nxf2 35. Kxf2 Qc5 36. Qc1 Rxe3 37. Qxe3 Rf8+ 38. Nf4 Rxf4+ 39.
Ke2 Qxe3+ 40. Kxe3 Rf8 41. Ke4 Bxb2 42. d6 c3 43. Kd3 b3 44. Kd4 0-1

[Variant "Standard"]
[Site "Europe Echecs"]

[Event "Sunway Sitges Chess Festival"]
[Date "2024.12.21"]
[White "Boix Redorta, Roc"]
[Black "Conradie, Dirk Cornelis Uys"]
[WhiteElo "2084"]
[BlackElo "1794"]
[Round "5.37"]
[Result "1-0"]
[TimeControl "40/5400+30:1800+30"]

1. e4 c5 2. Nf3 d6 3. d4 cxd4 4. Nxd4 Nf6 5. Nc3 Nc6 6. Bc4 Qb6 7. Nb3 e6 8. O-O Be7 9. Be3 Qd8 10. f4 O-O 11. Qe2 a6 12. a4 Na5 13. e5 dxe5 14. fxe5 Nd7 15. Bd3 f5 16. exf6 Nxf6 17. Rad1 Bd7 18. Rxf6 Rxf6 19. Qh5 g6 20. Qxa5 Qxa5 21. Nxa5 Bc6 22. Nxc6 bxc6 23. Be4 Rc8 24. Rd7 Bb4 25. Na2 c5 26. Bb7 Rcf8 27. Bxa6 Be1 28. Bxc5 Bf2+ 29. Bxf2 Rxf2 30. Nb4 R8f4 31. h3 Rf5 32. Bc4 Rf6 33. Bxe6+ Kf8 34. Bc4 h5 35. Nd5 Rf7 36. Rxf7+ Kxf7 37. Kxf2 g5 38. a5 g4 39. a6 gxh3 40. gxh3 h4 41. a7 Ke6 42. a8=Q Kd6 43. Qd8+ Kc5 44. Qb6+ Kxc4 45. Ne3# 1-0

[Variant "Standard"]
[Site "Europe Echecs"]